 Dungeon Crawl Stone Soup version 0.30.1-11-g7821555f0a (webtiles) character file.

Game seed: 105526430278266224

143 Fortress the Grave Robber (level 5, -3/54 HPs)
             Began as a Demonspawn Necromancer on Jan 10, 2024.
             Slain by an orc
             ... wielding a +4 trident
              (7 damage)
             ... on level 3 of the Dungeon.
             The game lasted 00:10:48 (2542 turns).

Fortress the Grave Robber (Demonspawn Necromancer)  Turns: 2542, Time: 00:10:49

Health: -3/54      AC:  4    Str:  8    XL:     5   Next: 4%
Magic:  6/10       EV: 12    Int: 18    God:
Gold:   149        SH:  0    Dex: 14    Spells: 10/11 levels left

rFire   . . .        g - +1 dagger (drain)
rCold   . . .        (no shield)
rNeg    . . .        a - +0 robe
rPois   .            (no helmet)
rElec   .            u - +0 cloak
rCorr   .            (no gloves)
SInv    .            (no boots)
Will    .....        c - amulet of the acrobat Stlth
                     (no ring)
HPRegen 0.29/turn    (no ring)
MPRegen 0.12/turn

%: acrobat
@: berserking, attractive, very quick
A: rugged brown scales 1, demonic magic 1, demonic touch 1
a: no special abilities


You were on level 3 of the Dungeon.
You visited 1 branch of the dungeon, and saw 3 of its levels.

You collected 149 gold pieces.

Inventory:

Hand Weapons
 g - a +1 dagger of draining (weapon)
Missiles
 f - 20 poisoned darts
Armour
 a - a +0 robe (worn)
 u - a +0 cloak (worn)
Jewellery
 c - an amulet of the acrobat (around neck)
 r - a +5 ring of evasion
Scrolls
 d - a scroll of silence {unknown}
 i - 2 scrolls of identify {unknown}
 j - a scroll of noise {unknown}
 q - a scroll of vulnerability {unknown}
 s - a scroll of fear {unknown}
Potions
 b - a potion of magic
 e - 2 potions of attraction
 k - a potion of resistance {unknown}
 l - a potion of lignification {unknown}
 m - a potion of invisibility {unknown}
 n - a potion of might {unknown}
 o - a potion of ambrosia {unknown}
 p - a potion of curing {unknown}
 t - a potion of flight {unknown}
 v - a potion of heal wounds {unknown}


   Skills:
 + Level 2.0 Dodging
 - Level 2.0 Stealth
 + Level 3.5 Spellcasting
 + Level 5.8 Necromancy


You had 10 spell levels left.
You knew the following spells:

 Your Spells              Type           Power      Damage    Failure   Level
a - Necrotise             Necr           96%        1d8       1%          1

Your spell library contained the following spells:

 Spells                   Type           Power      Damage    Failure   Level
 Vampiric Draining        Necr           24%        2d7       4%          3
 Animate Dead             Necr           24%        N/A       14%         4
 Blink                    Tloc           6%         N/A       24%         2
 Lesser Beckoning         Tloc           6%         N/A       24%         2
 Momentum Strike          Conj/Tloc      6%         3d8       24%         2
 Agony                    Necr           24%        N/A       36%         5


Dungeon Overview and Level Annotations

Branches:
Dungeon (3/15)

Altars:


Innate Abilities, Weirdness & Mutations

You are partially covered in rugged brown scales. (AC +1, +3% HP)
Spells you cast may paralyse adjacent enemies.
Your touch may inflict minor irresistible damage on your foes.


Message History

Casting: Necrotise (safe; 1% risk of failure)
Confirm with . or Enter, or press ? or * to list all spells.
Aiming: Necrotise (safe; 1% risk of failure)
Press: ? - help, Shift-Dir - straight line, f - orc
Aim: an orc, wielding a +4 trident and wearing a +4 ring mail (chance to affect: 92%)
The orc writhes in agony.
Malevolent energies surge around you.
The orc hits you from afar with a +4 trident.
Middlethird's ghost screams, "You will never get the ORB!"
Casting: Necrotise (safe; 1% risk of failure)
Confirm with . or Enter, or press ? or * to list all spells.
You can't see any susceptible monsters within range! (Use Z to cast anyway.)
You hit middlethird's ghost.
Middlethird's ghost is lightly damaged.
The orc misses you. Middlethird's ghost hits you.
You closely miss middlethird's ghost.
Middlethird's ghost is lightly damaged.
The orc barely misses you. Middlethird's ghost hits you.
You miss middlethird's ghost.
You touch middlethird's ghost.
Middlethird's ghost is moderately damaged.
The orc hits you from afar with a +4 trident!
Middlethird's ghost hits you.
* * * LOW HITPOINT WARNING * * *
It was a potion of attraction.
You feel attractive to monsters. The orc barely misses you.
Middlethird's ghost closely misses you.
It was a potion of berserk rage.
A red film seems to cover your vision as you go berserk!
You feel yourself moving faster!
You feel mighty!
The orc hits you from afar with a +4 trident.
* * * LOW HITPOINT WARNING * * *
Middlethird's ghost screams, "I'll kill anyone who wants the ORB!"
Middlethird's ghost closely misses you.
You are too berserk!
You hit middlethird's ghost but do no damage.
You touch middlethird's ghost!
Middlethird's ghost is severely damaged.
You puncture middlethird's ghost!
You destroy middlethird's ghost!
The orc hits you from afar with a +4 trident!
You die...

###########
##.........#######
#.................
########.#8.....@.......8
.........#######))'######
###.....###..oooo.......#
........# #....#####....#
.##.....# #.###.....###.#
.##.....###.#8#..8..#8# #
.####.#...#.......... .
.####.....#8. _[..
........### ###


You could see 4 orcs.

Vanquished Creatures
  The ghost of middlethird the Ruffian, an amateur VSTm (D:3)
  6 adders
  A worm (D:3)
  A dart slug (D:3)
  4 orcs (D:3)
  6 endoplasms
  6 giant cockroaches
  14 goblins
  4 hobgoblins
  6 jackals (D:3)
  3 quokkas
  8 ball pythons
  5 bats
  3 frilled lizards
  6 kobolds
  4 rats
78 creatures vanquished.

Vanquished Creatures (collateral kills)
  A rat (D:3)
1 creature vanquished.

Grand Total: 79 creatures vanquished

Notes
Turn   | Place    | Note
-------+----------+-------------------------------------------
     0 | D:1      | Fortress the Demonspawn Necromancer began the quest for the
                  | Orb.
     0 | D:1      | Reached XP level 1. HP: 13/13 MP: 3/3
   403 | D:1      | Gained mutation: Spells you cast may paralyse adjacent
                  | enemies. [demonic ancestry]
   403 | D:1      | Reached XP level 2. HP: 16/19 MP: 0/5
   468 | D:1      | Reached skill level 5 in Necromancy
  1134 | D:2      | Gained mutation: Your touch may inflict minor irresistible
                  | damage on your foes. [demonic ancestry]
  1134 | D:2      | Reached XP level 3. HP: 24/24 MP: 2/6
  1556 | D:2      | Gained mutation: You are partially covered in rugged brown
                  | scales. (AC +1, +3% HP) [demonic ancestry]
  1556 | D:2      | Reached XP level 4. HP: 24/30 MP: 8/8
  2517 | D:3      | Found a runed translucent gate.
  2518 | D:3      | Found a runed translucent gate.
  2519 | D:3      | Found a runed translucent gate.
  2520 | D:3      | Noticed middlethird's ghost (amateur VSTm)
  2531 | D:3      | Reached XP level 5. HP: 36/36 MP: 8/10
  2542 | D:3      | Killed middlethird's ghost
  2542 | D:3      | Slain by an orc

Illustrated notes

Levels and vault maps discovered:
D:1:      dpeg_arrival_rooms_b, layout_basic, serial_bayou_pond_e,
          minmay_misc_feat_doors
D:2:      layout_rooms
D:3:      layout_loops_ring, biasface_ghost_orc_armoury,
          chequers_serial_rivers_small_a, minmay_shallow_snake_nest

Skill      XL: |  1  2  3  4  5 |
---------------+----------------+-----
Necromancy     | 5 |  5.8
Stealth        | 2 |  2.0
Spellcasting   | 3 |  3.5
Dodging        | 2 |  2.0

Action                     |  1- 3 |  4- 6 || total
---------------------------+-------+-------++-------
  Melee: Dagger            |    46 |    50 ||    96
         Touch             |     2 |    13 ||    15
         Punch             |       |     1 ||     1
   Cast: Necrotise         |    44 |    27 ||    71
    Use: Potion            |       |     2 ||     2
   Stab: Paralysed         |     2 |     5 ||     7
         Sleeping          |     3 |     3 ||     6
 Armour: Robe              |    12 |     8 ||    20
  Dodge: Dodged            |    41 |    46 ||    87
